 Dungeon Crawl Stone Soup version 0.22-a0-533-g4d20840 (webtiles) character file.

98 kae the Skirmisher (level 4, -1/41 HPs)
             Began as a Minotaur Fighter on June 22, 2018.
             Shot with an arrow by a centaur (2 damage)
             ... on level 3 of the Dungeon.
             The game lasted 00:00:43 (1545 turns).

kae the Skirmisher (Minotaur Fighter)               Turns: 1545, Time: 00:00:44

Health: -1/41      AC:  7    Str: 22    XL:     4   Next: 44%
Magic:  3/3        EV:  7    Int:  5    God:
Gold:   80         SH:  9    Dex:  9    Spells: 3/3 levels left

rFire    . . .     SeeInvis .   a - +0 long sword
rCold    . . .     Gourm    .   c - +0 shield
rNeg     . . .     Faith    .   b - +0 scale mail
rPois    .         Spirit   .   (helmet restricted)
rElec    .         Reflect  .   (no cloak)
rCorr    .         Harm     .   (no gloves)
MR       .....                  (no boots)
Stlth    ..........             (no amulet)
HPRegen  0.13/turn              (no ring)
MPRegen  0.08/turn              (no ring)

@: no status effects
A: retaliatory headbutt, horns 2
a: no special abilities


You were on level 3 of the Dungeon.
You were not hungry.

You visited 1 branch of the dungeon, and saw 3 of its levels.

You collected 80 gold pieces.

Inventory:

Hand Weapons
 a - a +0 long sword (weapon)
Armour
 b - a +0 scale mail (worn)
 c - a +0 shield (worn)
Jewellery
 h - an uncursed ring of stealth {unknown}
 n - an uncursed ring of see invisible {unknown}
Scrolls
 g - 3 scrolls of teleportation {unknown}
 i - 3 scrolls of identify {unknown}
 j - a scroll of random uselessness {unknown}
 l - a scroll of enchant weapon {unknown}
 m - 4 scrolls of remove curse {unknown}
 o - a scroll of fog {unknown}
Potions
 d - 2 potions of might
 e - 2 potions of ambrosia {unknown}
 k - a potion of curing {unknown}
Comestibles
 f - 4 rations


   Skills:
 + Level 4.4 Fighting
 * Level 4.3 Long Blades
 + Level 4.4 Armour
 - Level 0.7 Dodging
 - Level 3.6 Shields


You had 3 spell levels left.
You didn't know any spells.
Your spell library was empty.

Dungeon Overview and Level Annotations

Branches:
Dungeon (3/15)

Altars:
Ashenzari
Nemelex Xobeh


Innate Abilities, Weirdness & Mutations

You reflexively headbutt those who attack you in melee.
You have a pair of horns on your head.


Message History

You are too injured to fight recklessly!
You are too injured to fight recklessly!
You are too injured to fight recklessly!
You are too injured to fight recklessly!
You are too injured to fight recklessly!
You are too injured to fight recklessly!
You are too injured to fight recklessly!
You are too injured to fight recklessly!
The bat hits you but does no damage.
The centaur shoots an arrow.
The arrow hits you!
* * * LOW HITPOINT WARNING * * *
You see here 2 arrows.
The bat hits you but does no damage.
The centaur shoots an arrow.
The arrow hits you!
* * * LOW HITPOINT WARNING * * *
You see here an arrow.
You block the bat's attack. The bat hits you but does no damage.
The centaur shoots an arrow.
The arrow hits you.
You die...

........(.g.....
...........g....
........g.......
..........c.....
#.......g.......
#......(.......
##....((....(.#
##...).)....## ##..b@....##
####''#### #..#
#.########.################
#..........................
###########################


You could see a centaur, 3 gnolls and a bat.

Vanquished Creatures
  A hound (D:3)
  An adder (D:2)
  A worm (D:3)
  A dart slug (D:1)
  A leopard gecko (D:1)
  2 ball pythons
  3 giant cockroaches
  11 goblins
  4 hobgoblins
  3 jackals (D:2)
  A quokka (D:2)
  5 bats
  8 frilled lizards
  9 kobolds
  2 rats (D:2)
53 creatures vanquished.

Notes
Turn   | Place    | Note
-------+----------+-------------------------------------------
     0 | D:1      | kae the Minotaur Fighter began the quest for the Orb.
     0 | D:1      | Reached XP level 1. HP: 19/19 MP: 0/0
    91 | D:1      | Reached XP level 2. HP: 26/27 MP: 1/1
   474 | D:2      | Reached XP level 3. HP: 33/33 MP: 2/2
   967 | D:2      | Found a shattered altar of Ashenzari.
  1380 | D:3      | Reached XP level 4. HP: 41/41 MP: 3/3
  1487 | D:3      | Found a sparkling altar of Nemelex Xobeh.
  1538 | D:3      | Noticed a centaur
  1543 | D:3      | HP: 1/41 [centaur/arrow (12)]
  1545 | D:3      | Shot with an arrow by a centaur

Vault maps used:
D:1:      mainiacjoe_arrival_reflecting_pool, minmay_shallow_snake_nest
D:2:      nicolae_overflow_crystal_walls, st_stairs_1
D:3:      nemelex_xobeh_ov_fountains_minmay, minivault_5,
          minmay_misc_feat_plants, minivault_23, kennysheep_cross_room

Skill      XL: |  1  2  3 |
---------------+----------+-----
Long Blades    | 3 4 |  4.3
Fighting       | 4 |  4.4
Armour         | 4 |  4.4
Dodging        | |  0.7
Shields        | |  3.6

Action                   |  1- 3 |  4- 6 || total
-------------------------+-------+-------++-------
Melee: Long sword        |    87 |    10 ||    97
       Headbutt          |    14 |     1 ||    15
  Eat: Chunk             |     1 |     1 ||     2
Armor: Scale mail        |    49 |     5 ||    54
Dodge: Dodged            |    30 |     2 ||    32
Block: Shield            |    56 |     7 ||    63
       Rpst.: Long sword |     7 |       ||     7

Table legend:
 A = Spawn XP
 B = Non-spawn XP
 C = Spawn XP percentage of total XP
 D = Spawn monster count
 E = Non-spawn monster count
 F = Spawn count percentage of total count
 G = Total turns spent on level
                    A         B        C        D         E        F      G
               +---------+---------+-------+---------+---------+-------+---------
         Total |       0 |     141 |   0.0 |       0 |      53 |   0.0 |  1545
               +---------+---------+-------+---------+---------+-------+---------
           D:1 |       0 |      38 |   0.0 |       0 |      22 |   0.0 |   469
           D:2 |       0 |      52 |   0.0 |       0 |      24 |   0.0 |   830
           D:3 |       0 |      51 |   0.0 |       0 |       7 |   0.0 |   246
               +---------+---------+-------+---------+---------+-------+---------
